AoeStats
← Kzhua

Arabia

509630009Analyzed
1v1 RM · 4d ago on Sep 27, 2026· 25m 15s· 2 players
Game mode
Random Map
Map size
Tiny (2 player)
Population
200
Speed
Normal
Resources
Standard
Victory
Conquest
Starting age
Dark Age
Ending age
Imperial Age
RankedLock teamsTeams togetherTeam positionsShared explorationLock speedFull tech treeHidden civsTurbo modeCheats
Victory
Defeat
🇹🇼 Magyars · Taiwan
930
+15
🇨🇳 Mongols · China
907
-15
Kzhua
9:16 Feudal Age
9:03 Loom
9:42 Double-Bit Axe
19:19 Castle Age
18:26 Stone Mining
20:43 Bow Saw
DumboBean
7:50 Loom
9:43 Feudal Age
11:15 Horse Collar
11:24 Double-Bit Axe
19:12 Castle Age
18:20 Gold Mining
19:04 Bloodlines
19:09 Scale Barding Armor
23:30 Gold Shaft Mining
25:55 Chain Barding Armor
Connection lost

Rejoining the realm…

Still unreachable

The connection could not be restored.

Session expired

The server has moved on; the page needs a fresh start.